| TOP OF THE 1ST |
|
St. Louis Cardinals batting - Pitching for San Diego Padres : LHP Matt Wheeler
|
|
Pitching: LHP Matt Wheeler
|
|
|
Batting: RHB Tenshou Takita
|
0-0: Called Strike 0-1: Foul Ball, location: 2F 0-2: Strikes out swinging
|
|
Batting: RHB Bobby Scholl
|
0-0: Ball 1-0: Called Strike 1-1: Swinging Strike 1-2: Foul Ball, location: 2F 1-2: Ball 2-2: Ground out 6-3 (Groundball, 6S, EV 73.1 MPH)
|
|
Batting: SHB Antoine Roux
|
0-0: Ball 1-0: Foul Ball, location: 2F 1-1: Swinging Strike 1-2: Ground out 3-1 (Groundball, 34, EV 104.4 MPH)
|
| Top of the 1st over - 0 runs, 0 hits, 0 errors, 0 left on base; St. Louis 0 - San Diego 0 |
| BOTTOM OF THE 1ST |
|
San Diego Padres batting - Pitching for St. Louis Cardinals : LHP Michael Colin
|
|
Pitching: LHP Michael Colin
|
|
|
Batting: LHB Per Meulengracht
|
0-0: Ground out 4-3 (Groundball, 4, EV 83.8 MPH)
|
|
Batting: RHB Cesar Breceda
|
0-0: Called Strike 0-1: SINGLE (Line Drive, 6D, EV 95.0 MPH)
|
|
Batting: LHB Kevin Bellman
|
0-0: Called Strike 0-1: Ball 1-1: SINGLE (Groundball, 4MS, EV 69.4 MPH) (infield hit) Cesar Breceda to second
|
|
Batting: SHB Jerry Luckwell
|
0-0: Foul Ball, location: 2F 0-1: Swinging Strike 0-2: SINGLE (Groundball, 6MS, EV 69.4 MPH) (infield hit) Cesar Breceda to third Kevin Bellman to second
|
|
Batting: LHB Mike Holt
|
0-0: Grounds into double play, 6-4-3 (Groundball, 6, EV 84.4 MPH)
|
| Bottom of the 1st over - 0 runs, 3 hits, 0 errors, 2 left on base; St. Louis 0 - San Diego 0 |
| TOP OF THE 2ND |
|
St. Louis Cardinals batting - Pitching for San Diego Padres : LHP Matt Wheeler
|
|
Batting: LHB Zack Berney
|
0-0: Ball 1-0: Ball 2-0: Ground out 4-3 (Groundball, 34, EV 86.2 MPH)
|
|
Batting: RHB Sergio Godinez
|
0-0: Called Strike 0-1: Fly out, F7 (Flyball, 7LM, EV 82.5 MPH)
|
|
Batting: LHB John Blair
|
0-0: Ball 1-0: Swinging Strike 1-1: Ball 2-1: Fly out, F7 (Flyball, 7, EV 88.1 MPH)
|
| Top of the 2nd over - 0 runs, 0 hits, 0 errors, 0 left on base; St. Louis 0 - San Diego 0 |
| BOTTOM OF THE 2ND |
|
San Diego Padres batting - Pitching for St. Louis Cardinals : LHP Michael Colin
|
|
Batting: RHB Chiel Palstermans
|
0-0: Ball 1-0: SINGLE (Line Drive, 8LS, EV 112.5 MPH)
|
|
Batting: RHB Carlos Reyes
|
0-0: Ball 1-0: Ball 2-0: Called Strike 2-1: Foul Ball, location: 2F 2-2: Foul Ball, location: 2F 2-2: SINGLE (Groundball, 6M, EV 81.2 MPH) (infield hit) Chiel Palstermans to second
|
|
Batting: RHB Alois Wollf
|
0-0: TRIPLE (Flyball, 78XD, EV 101.9 MPH) Chiel Palstermans scores Carlos Reyes scores
|
|
Batting: RHB Alberto Cotto
|
0-0: Called Strike 0-1: Foul Ball, location: 2F 0-2: DOUBLE (Flyball, 78D, EV 103.1 MPH) Alois Wollf scores
|
|
Batting: LHB Per Meulengracht
|
0-0: Foul Ball, location: 2F 0-1: Ball 1-1: Ball 2-1: Ball 3-1: Foul Ball, location: 2F 3-2: Foul Ball, location: 2F 3-2: Foul Ball, location: 2F 3-2: Base on Balls
|
|
Batting: RHB Cesar Breceda
|
0-0: Called Strike 0-1: Ball 1-1: Ball 2-1: Foul Ball, location: 2F 2-2: Foul Ball, location: 2F 2-2: Foul Ball, location: 2F 2-2: Ball 3-2: Foul Ball, location: 2F 3-2: Grounds into double play, 6-4-3 (Groundball, 6, EV 82.5 MPH) Alberto Cotto to third
|
|
Batting: LHB Kevin Bellman
|
0-0: Fly out, F7 (Flyball, 7LS, EV 90.0 MPH)
|
| Bottom of the 2nd over - 3 runs, 4 hits, 0 errors, 1 left on base; St. Louis 0 - San Diego 3 |
| TOP OF THE 3RD |
|
St. Louis Cardinals batting - Pitching for San Diego Padres : LHP Matt Wheeler
|
|
Batting: RHB Dustin Clark
|
0-0: Called Strike 0-1: Swinging Strike 0-2: Ball 1-2: Strikes out swinging, 2-3 out at first.
|
|
Batting: LHB Tommy Luce
|
0-0: Ball 1-0: Fly out, F8 (Line Drive, 8RD, EV 100.0 MPH)
|
|
Batting: RHB Rick O'Reilly
|
0-0: Called Strike 0-1: Swinging Strike 0-2: Ball 1-2: Ball 2-2: Foul Ball, location: 2F 2-2: Foul Ball, location: 2F 2-2: Ball 3-2: Strikes out looking
|
| Top of the 3rd over - 0 runs, 0 hits, 0 errors, 0 left on base; St. Louis 0 - San Diego 3 |
| BOTTOM OF THE 3RD |
|
San Diego Padres batting - Pitching for St. Louis Cardinals : LHP Michael Colin
|
|
Batting: SHB Jerry Luckwell
|
0-0: Ball 1-0: Ball 2-0: Fly out, F7 (Flyball, 7, EV 76.9 MPH)
|
|
Batting: LHB Mike Holt
|
0-0: Fly out, F8 (Flyball, 78D, EV 105.0 MPH)
|
|
Batting: RHB Chiel Palstermans
|
0-0: Ball 1-0: Ball 2-0: Called Strike 2-1: Foul Ball, location: 2F 2-2: Ball 3-2: Base on Balls
|
|
Batting: RHB Carlos Reyes
|
0-0: Ball Chiel Palstermans steals 2nd base 1-0: Swinging Strike 1-1: Ball 2-1: Foul Ball, location: 2F 2-2: Strikes out swinging
|
| Bottom of the 3rd over - 0 runs, 0 hits, 0 errors, 1 left on base; St. Louis 0 - San Diego 3 |
| TOP OF THE 4TH |
|
St. Louis Cardinals batting - Pitching for San Diego Padres : LHP Matt Wheeler
|
|
Batting: RHB Tenshou Takita
|
0-0: Ball 1-0: Swinging Strike 1-1: Ball 2-1: SINGLE (Line Drive, 78S, EV 91.9 MPH)
|
|
Batting: RHB Bobby Scholl
|
0-0: Called Strike 0-1: Ball 1-1: Ball 2-1: Called Strike 2-2: Strikes out swinging
|
|
Batting: SHB Antoine Roux
|
0-0: Ball 1-0: Foul Ball, location: 2F 1-1: Ball 2-1: Grounds into double play, 4-6-3 (Groundball, 4, EV 105.0 MPH)
|
| Top of the 4th over - 0 runs, 1 hit, 0 errors, 0 left on base; St. Louis 0 - San Diego 3 |
| BOTTOM OF THE 4TH |
|
San Diego Padres batting - Pitching for St. Louis Cardinals : LHP Michael Colin
|
|
Batting: RHB Alois Wollf
|
0-0: Ball 1-0: Called Strike 1-1: Foul Ball, location: 2F 1-2: Ball 2-2: Fly out, F8 (Line Drive, 8RD, EV 91.9 MPH)
|
|
Batting: RHB Alberto Cotto
|
0-0: Fly out, F3 (Popup, 3L, EV 61.9 MPH)
|
|
Batting: LHB Per Meulengracht
|
0-0: Called Strike 0-1: Ground out 4-3 (Groundball, 4S, EV 71.2 MPH)
|
| Bottom of the 4th over - 0 runs, 0 hits, 0 errors, 0 left on base; St. Louis 0 - San Diego 3 |
| TOP OF THE 5TH |
|
St. Louis Cardinals batting - Pitching for San Diego Padres : LHP Matt Wheeler
|
|
Batting: LHB Zack Berney
|
0-0: Called Strike 0-1: Ground out 5-3 (Groundball, 5, EV 108.8 MPH)
|
|
Batting: RHB Sergio Godinez
|
0-0: Ball 1-0: Called Strike 1-1: Called Strike 1-2: Ball 2-2: Ball 3-2: SINGLE (Groundball, 56S, EV 69.4 MPH) (infield hit)
|
|
Batting: LHB John Blair
|
0-0: Ball 1-0: Swinging Strike 1-1: Foul Ball, location: 2F 1-2: Grounds into double play, 6-4-3 (Groundball, 6, EV 100.6 MPH)
|
| Top of the 5th over - 0 runs, 1 hit, 0 errors, 0 left on base; St. Louis 0 - San Diego 3 |
| BOTTOM OF THE 5TH |
|
San Diego Padres batting - Pitching for St. Louis Cardinals : LHP Michael Colin
|
|
Batting: RHB Cesar Breceda
|
0-0: Ball 1-0: Swinging Strike 1-1: Called Strike 1-2: Foul Ball, location: 2F 1-2: Ball 2-2: Fly out, F9 (Flyball, 9D, EV 98.1 MPH)
|
|
Batting: LHB Kevin Bellman
|
0-0: Foul Ball, location: 2F 0-1: Foul Ball, location: 2F 0-2: Ball 1-2: Ground out 5-3 (Groundball, 15, EV 88.8 MPH)
|
|
Batting: SHB Jerry Luckwell
|
0-0: Called Strike 0-1: Foul Ball, location: 2F 0-2: Ball 1-2: Foul Ball, location: 2F 1-2: Foul Ball, location: 2F 1-2: Ball 2-2: Strikes out swinging
|
| Bottom of the 5th over - 0 runs, 0 hits, 0 errors, 0 left on base; St. Louis 0 - San Diego 3 |
| TOP OF THE 6TH |
|
St. Louis Cardinals batting - Pitching for San Diego Padres : LHP Matt Wheeler
|
|
Batting: RHB Dustin Clark
|
0-0: Fly out, F6 (Flyball, 5D, EV 74.4 MPH)
|
|
Batting: LHB Tommy Luce
|
0-0: Foul Ball, location: 2F 0-1: Swinging Strike 0-2: Fly out, F8 (Flyball, 8LD, EV 84.4 MPH)
|
|
Batting: RHB Rick O'Reilly
|
0-0: Ball 1-0: Ball 2-0: Called Strike 2-1: SINGLE (Groundball, 5S, EV 65.0 MPH) (infield hit)
|
|
Batting: RHB Tenshou Takita
|
0-0: Swinging Strike 0-1: Called Strike 0-2: Ball Rick O'Reilly steals 2nd base 1-2: Ground out 5-3 (Groundball, 5, EV 84.4 MPH)
|
| Top of the 6th over - 0 runs, 1 hit, 0 errors, 1 left on base; St. Louis 0 - San Diego 3 |
| BOTTOM OF THE 6TH |
|
San Diego Padres batting - Pitching for St. Louis Cardinals : LHP Michael Colin
|
|
Batting: LHB Mike Holt
|
0-0: Fly out, F4 (Popup, 34D, EV 49.4 MPH)
|
|
Batting: RHB Chiel Palstermans
|
0-0: Called Strike 0-1: Ball 1-1: Fly out, F7 (Flyball, 78S, EV 91.2 MPH)
|
|
Batting: RHB Carlos Reyes
|
0-0: Called Strike 0-1: DOUBLE (Line Drive, 5D, EV 98.8 MPH)
|
|
Pitching: RHP Josh Sandoval
|
|
|
Batting: RHB Alois Wollf
|
0-0: Called Strike 0-1: Swinging Strike 0-2: Ball 1-2: Strikes out swinging
|
| Bottom of the 6th over - 0 runs, 1 hit, 0 errors, 1 left on base; St. Louis 0 - San Diego 3 |
| TOP OF THE 7TH |
|
St. Louis Cardinals batting - Pitching for San Diego Padres : LHP Matt Wheeler
|
|
Batting: RHB Bobby Scholl
|
0-0: Ball 1-0: Swinging Strike 1-1: Swinging Strike 1-2: Ball 2-2: Hit by Pitch
|
|
Batting: SHB Antoine Roux
|
0-0: Foul Ball, location: 2F 0-1: Ball 1-1: Swinging Strike 1-2: Ball 2-2: Strikes out swinging
|
|
Batting: LHB Zack Berney
|
0-0: Called Strike 0-1: Fielders Choice at 2nd, 4-6 (Groundball, 4, EV 85.0 MPH)
|
|
Batting: RHB Sergio Godinez
|
0-0: Ground out U3 (Groundball, 34, EV 85.6 MPH)
|
| Top of the 7th over - 0 runs, 0 hits, 0 errors, 1 left on base; St. Louis 0 - San Diego 3 |
| BOTTOM OF THE 7TH |
|
San Diego Padres batting - Pitching for St. Louis Cardinals : RHP Josh Sandoval
|
|
Batting: RHB Alberto Cotto
|
0-0: Ball 1-0: Foul Ball, location: 2F 1-1: Ball 2-1: Swinging Strike 2-2: Ball 3-2: DOUBLE (Flyball, 89D, EV 108.1 MPH)
|
|
Batting: LHB Per Meulengracht
|
0-0: Ball 1-0: Ball 2-0: Ground out U3 (Groundball, 3L, EV 85.6 MPH) Alberto Cotto to third
|
|
Batting: RHB Cesar Breceda
|
0-0: Foul Ball, location: 2F 0-1: Ball 1-1: Ground out U3 (Groundball, 3L, EV 93.1 MPH)
|
|
Batting: LHB Kevin Bellman
|
0-0: Called Strike 0-1: Ball 1-1: SINGLE (Flyball, 89S, EV 93.1 MPH) Alberto Cotto scores
|
|
Batting: SHB Jerry Luckwell
|
0-0: Called Strike 0-1: DOUBLE (Line Drive, 7LS, EV 92.5 MPH) Kevin Bellman to third Runner from 3rd tries for Home, SAFE, throw by LF to home
|
|
Batting: LHB Mike Holt
|
0-0: Called Strike 0-1: Ball 1-1: Foul Ball, location: 2F 1-2: Foul Ball, location: 2F 1-2: Strikes out swinging
|
| Bottom of the 7th over - 2 runs, 3 hits, 0 errors, 1 left on base; St. Louis 0 - San Diego 5 |
| TOP OF THE 8TH |
|
St. Louis Cardinals batting - Pitching for San Diego Padres : LHP Matt Wheeler
|
|
Batting: LHB John Blair
|
0-0: Ball 1-0: SINGLE (Line Drive, 89S, EV 86.9 MPH)
|
|
Batting: RHB Dustin Clark
|
Pickoff Throw to First - Out! 1-3 0-0: Ball 1-0: Ground out 6-3 (Groundball, 6S, EV 86.2 MPH)
|
|
Batting: LHB Tommy Luce
|
0-0: Foul Ball, location: 2F 0-1: Foul Ball, location: 2F 0-2: Ball 1-2: TRIPLE (Flyball, 78XD, EV 94.4 MPH)
|
|
Batting: RHB Rick O'Reilly
|
0-0: Ball 1-0: Ball 2-0: Called Strike 2-1: Swinging Strike 2-2: Foul Ball, location: 2F 2-2: Strikes out swinging
|
| Top of the 8th over - 0 runs, 2 hits, 0 errors, 1 left on base; St. Louis 0 - San Diego 5 |
| BOTTOM OF THE 8TH |
|
San Diego Padres batting - Pitching for St. Louis Cardinals : RHP Josh Sandoval
|
|
Batting: RHB Chiel Palstermans
|
0-0: Ground out 5-3 (Groundball, 56, EV 100.0 MPH)
|
|
Batting: RHB Carlos Reyes
|
0-0: Ball 1-0: Foul Ball, location: 2F 1-1: Called Strike 1-2: Fly out, F8 (Line Drive, 8RM, EV 93.8 MPH)
|
|
Batting: RHB Alois Wollf
|
0-0: Ball 1-0: Called Strike 1-1: Ball 2-1: Ball 3-1: Fly out, F4 (Popup, 4S, EV 74.4 MPH)
|
| Bottom of the 8th over - 0 runs, 0 hits, 0 errors, 0 left on base; St. Louis 0 - San Diego 5 |
| TOP OF THE 9TH |
|
St. Louis Cardinals batting - Pitching for San Diego Padres : LHP Matt Wheeler
|
|
Batting: RHB Tenshou Takita
|
0-0: Ground out 5-3 (Groundball, 56, EV 88.8 MPH)
|
|
Batting: RHB Bobby Scholl
|
0-0: Ball 1-0: Called Strike 1-1: Swinging Strike 1-2: Strikes out swinging
|
|
Batting: SHB Antoine Roux
|
0-0: Fly out, F8 (Flyball, 8RS, EV 91.2 MPH)
|
| Top of the 9th over - 0 runs, 0 hits, 0 errors, 0 left on base; St. Louis 0 - San Diego 5 |
|